AoeStats
← RohanAoE

Arena

510801404Analyzed
4v4 RM · 13h ago on Oct 2, 2026· 18m 17s· 8 players
Game mode
Random Map
Map size
Large (8 player)
Population
200
Speed
Normal
Resources
Standard
Victory
Conquest
Starting age
Dark Age
Ending age
Imperial Age
RankedLock teamsTeams togetherTeam positionsShared explorationLock speedFull tech treeHidden civsTurbo modeCheats
Victory
Defeat
🇺🇸 Hindustanis · United States
1561
+16
🇹🇼 Byzantines · Taiwan
1559
+16
🇨🇳 Koreans · China
1542
+17
🇨🇳 Khmer · China
1449
+21
🇸🇻 Portuguese · El Salvador
1587
-19
🇨🇱 Japanese · Chile
1584
-18
🇦🇷 Jurchens · Argentina
1569
-18
🇩🇪 Huns · Germany
1488
-15
The Bloody-Nine
10:13 Feudal Age
11:54 Horse Collar
14:26 Castle Age
13:16 Double-Bit Axe
15:27 Heavy Plow
16:00 Bow Saw
18:27 Wheelbarrow
ss839059
10:33 Feudal Age
14:05 Castle Age
12:21 Double-Bit Axe
12:30 Horse Collar
16:47 Loom
小弱鸡
10:03 Feudal Age
12:48 Castle Age
11:20 Double-Bit Axe
11:43 Horse Collar
13:55 Bow Saw
那是你们
9:46 Feudal Age
13:21 Castle Age
11:38 Double-Bit Axe
11:58 Horse Collar
hK | Islamey
11:44 Feudal Age
12:48 Horse Collar
15:23 Castle Age
13:07 Horse Collar
13:52 Double-Bit Axe
16:47 Bow Saw
eraycoskun33
10:55 Feudal Age
14:46 Castle Age
13:23 Double-Bit Axe
16:15 Bow Saw
17:07 Wheelbarrow
17:16 Horse Collar
RohanAoE
11:37 Feudal Age
15:17 Castle Age
13:17 Double-Bit Axe
13:23 Horse Collar
14:12 Loom
16:49 Bow Saw
[CL] Tatán
11:12 Feudal Age
14:55 Castle Age
13:01 Double-Bit Axe
12:59 Horse Collar
14:09 Gold Mining
14:22 Stone Mining
16:37 Bow Saw
16:55 Loom
17:01 Loom
17:11 Loom
18:10 Loom
Connection lost

Rejoining the realm…

Still unreachable

The connection could not be restored.

Session expired

The server has moved on; the page needs a fresh start.